 Dungeon Crawl Stone Soup version 0.11-a0-175-g75e0b1b character file.

368 Flawless the Ruinous (level 5, -3/31 HPs)
             Began as a High Elf Venom Mage on Feb 22, 2012.
             Killed by divine providence
             ... invoked by an orc priest
              (10 damage)
             ... on Level 4 of the Dungeon.
             The game lasted 00:09:17 (3247 turns).

Flawless the Ruinous (High Elf Venom Mage)          Turns: 3247, Time: 00:09:17

HP  -3/31        AC  3     Str  7      XL: 5   Next: 49%
MP   5/11        EV 12     Int 19      God:
Gold 155         SH  0     Dex 16      Spells:  2 memorised,  3 levels left

Res.Fire  : . . .   See Invis. : .   i - +2,+1 orc dagger
Res.Cold  : . . .   Warding    : . . o - +0 elf leather armour
Life Prot.: . . .   Conserve   : .   (no shield)
Res.Acid. : . . .   Res.Corr.  : .   (no helmet)
Res.Poison: .       Clarity    : .   (no cloak)
Res.Elec. : .       Spirit.Shd : .   (no gloves)
Sust.Abil.: . .     Stasis     : .   (no boots)
Res.Mut.  : .       Ctrl.Telep.: .   (no amulet)
Res.Rott. : .       Levitation : .   (no ring)
Saprovore : . . .   Ctrl.Flight: .   (no ring)

@: slightly resistant to hostile enchantments, fairly stealthy
A: no striking features
a: no special abilities


You were on level 4 of the Dungeon.
You were very hungry.

You visited 1 branch of the dungeon, and saw 4 of its levels.

You collected 135 gold pieces.

Inventory:

Hand weapons
 i - a +2,+1 orcish dagger (weapon)
Armour
 a - a +0 elven robe
 o - a +0 elven leather armour (worn)
Comestibles
 c - 2 bread rations
 f - 11 strawberries
 j - a meat ration
 t - a chunk of gnoll flesh
Scrolls
 d - a scroll of blinking {unknown}
 e - 2 scrolls of recharging {unknown}
 g - a scroll of teleportation {unknown}
 l - a scroll of amnesia {unknown}
 m - 2 scrolls of detect curse {unknown}
 n - 2 scrolls of identify {unknown}
Jewellery
 r - a cursed ring of teleportation {unknown}
Potions
 h - 5 potions of curing
 k - 2 potions of restore abilities {unknown}
 p - a potion of agility {unknown}
 q - 2 potions of brilliance {unknown}
 s - a potion of magic {unknown}
Books
 b - a Young Poisoner's Handbook

   Spells                             Type                      Level
   *Sting                             Conjuration/Poison           1
   *Cure Poison                       Poison                       2
   Mephitic Cloud                     Conjuration/Poison/Air       3
   Olgreb's Toxic Radiance            Poison                       4
   Venom Bolt                         Conjuration/Poison           5


   Skills:
 - Level 2.1 Dodging
 - Level 2.2 Stealth
 - Level 1.2 Spellcasting
 * Level 6.1 Conjurations
 - Level 3.2 Poison Magic


You had 3 spell levels left.
You knew the following spells:

 Your Spells              Type           Power        Failure   Level  Hunger
a - Sting                 Pois/Conj      ####.        3%          1    Strawberry
b - Cure Poison           Pois           ###.......   10%         2    Choko

Dungeon Overview and Level Annotations

Branches:
Dungeon (4/27)
 Temple: D:4-7

Altars:
Ashenzari


Message History

You feel yourself speed up.
The orc priest invokes the aid of Beogh against you.
Something smites you!
The orc priest becomes somewhat translucent.
The orc priest invokes the aid of Beogh against you.
You resist.
The orc priest mumbles some strange prayers to Beogh.
You feel a wave of unholy energy pass over you.
Your magical contamination has completely faded away.
The orc priest prays to Beogh.
You feel a wave of unholy energy pass over you.
A kobold comes into view.
The orc priest calls down the wrath of Beogh upon you.
Something smites you!
The kobold shouts!
The kobold hits you.
* * * LOW HITPOINT WARNING * * *
The orc priest mumbles some strange prayers to Beogh against you.
Something smites you!
You die...

#....# #....#
#....# g#
##....##### .#
#..^......# .#
##.######.# .#
#.# #.# .# #.#
#.# .# #.#
###@# .# #.#
#...# .# #.#
#..K# .######
#.# ##...#
)#....# #.#
#....# .#.##.#
#<# #o####
.#.##.#######.#
)#.##.o.o.....#
.#o############


You could see an orc priest and a kobold.

Vanquished Creatures
  An orc priest (D:4)
  An orc wizard (D:4)
  Ijyb (D:2)
  Jessica (D:2)
  4 gnolls (D:4)
  2 adders (D:3)
  A worm (D:3)
  A giant gecko (D:3)
  An ooze (D:3)
  A ball python (D:1)
  9 bats
  3 giant cockroaches
  8 hobgoblins
  6 kobolds
  2 giant newts
  11 goblins
  2 jackals (D:3)
  A quokka (D:3)
  6 rats
62 creatures vanquished.

Vanquished Creatures (others)
  A hobgoblin (D:3)
  A toadstool (D:1)
2 creatures vanquished.

Grand Total: 64 creatures vanquished

Notes
Turn   | Place    | Note
--------------------------------------------------------------
     0 | D:1      | Flawless, the High Elf Venom Mage, began the quest for the Orb.
     0 | D:1      | Reached XP level 1. HP: 11/11 MP: 4/4
   179 | D:1      | Reached skill level 1 in Conjurations
   297 | D:1      | Reached XP level 2. HP: 17/17 MP: 2/5
   301 | D:1      | Learned a level 2 spell: Cure Poison
   921 | D:2      | Noticed Jessica
   926 | D:2      | Killed Jessica
   926 | D:2      | Reached XP level 3. HP: 19/21 MP: 0/7
   983 | D:2      | Found a shattered altar of Ashenzari.
   983 | D:2      | Noticed Ijyb
   996 | D:2      | Killed Ijyb
  1567 | D:2      | Reached skill level 4 in Conjurations
  1882 | D:3      | Reached XP level 4. HP: 27/27 MP: 10/10
  3068 | D:4      | Reached skill level 5 in Conjurations
  3127 | D:4      | Reached XP level 5. HP: 24/31 MP: 1/11
  3212 | D:4      | Reached skill level 6 in Conjurations
  3247 | D:4      | Killed from afar by an orc priest
